 Dungeon Crawl Stone Soup version 0.27.0-1-g7a089689b8 (webtiles) character file.

Game seed: 13553333127948509087

2172 dtburroughs the Skirmisher (level 9, -1/80 HPs)
             Began as a Minotaur Berserker on Aug 5, 2021.
             Was a Priest of Trog.
             Succumbed to a gnoll's poison
             ... on level 6 of the Dungeon.
             The game lasted 00:09:49 (8023 turns).

dtburroughs the Skirmisher (Minotaur Berserker)     Turns: 8023, Time: 00:09:50

Health: -1/80      AC: 14    Str: 22    XL:     9   Next: 11%
Magic:  8/8        EV:  8    Int:  7    God:    Trog [***...]
Gold:   354        SH:  0    Dex: 10    Spells: 8/8 levels left

rFire    . . .     SeeInvis .   a - +0 hand axe
rCold    . . .     Faith    .   (no shield)
rNeg     + . .     Spirit   .   H - +0 plate armour
rPois    .         Reflect  .   (helmet restricted)
rElec    .         Harm     .   (no cloak)
rCorr    +         Rampage  .   w - +0 pair of gloves
Will     ++...                  (no boots)
Stlth    ..........             (no amulet)
HPRegen  1.23/turn              A - ring of resist corrosion
MPRegen  0.11/turn              t - ring of positive energy

@: lethally poisoned (-1 -> -16), strong-willed, regenerating
A: horns 2, retaliatory headbutt
a: Renounce Religion, Berserk, Trog's Hand


You were on level 6 of the Dungeon.
You worshipped Trog.
Trog was most pleased with you.
You visited 1 branch of the dungeon, and saw 6 of its levels.
You also visited: Ossuary.

You collected 354 gold pieces.

Inventory:

Hand Weapons
 a - a +0 hand axe (weapon)
Armour
 w - a +0 pair of gloves (worn)
 H - a +0 plate armour (worn)
Jewellery
 t - a ring of positive energy (right hand)
 A - a ring of resist corrosion (left hand)
 C - a ring of ice
Wands
 x - a wand of iceblast (7)
 z - a wand of mindburst (13)
Scrolls
 c - a scroll of holy word {unknown}
 d - 2 scrolls of blinking {unknown}
 f - 2 scrolls of summoning {unknown}
 g - a scroll of identify
 h - 3 scrolls of teleportation
 l - a scroll of magic mapping {unknown}
 m - 2 scrolls of fog {unknown}
 s - a scroll of immolation {unknown}
 y - a scroll of vulnerability {unknown}
 B - a scroll of enchant weapon {unknown}
 E - a scroll of noise {unknown}
Potions
 b - a potion of ambrosia {unknown}
 e - 4 potions of curing
 j - a potion of flight {unknown}
 k - a potion of magic {unknown}
 n - 2 potions of might
 p - 3 potions of brilliance {unknown}
 u - 2 potions of heal wounds {unknown}
 v - a potion of attraction {unknown}
 D - 2 potions of mutation {unknown}
 F - a potion of cancellation {unknown}
 G - a potion of resistance {unknown}


   Skills:
 + Level 7.7 Fighting
 + Level 7.6 Axes
 + Level 7.1 Armour
 + Level 6.4 Dodging
 + Level 3.7 Evocations


You had 8 spell levels left.
You didn't know any spells.
Your spell library was empty.

Dungeon Overview and Level Annotations

Branches:
Dungeon (6/15)             Temple (0/1) D:6         Ossuary (visited)

Altars:
Elyvilon
Fedhas
Kikubaaqudgha
Makhleb
Okawaru
Ru
Sif Muna
Vehumet
Wu Jian


Innate Abilities, Weirdness & Mutations

You have a pair of horns on your head.
You reflexively headbutt those who attack you in melee.


Message History

You are more poisoned.
The gnoll throws a throwing net.
The throwing net hits you.
You become entangled in the net!
You struggle against the net.
You feel extremely sick. The gnoll hits you but does no damage.
You are more poisoned.
The gnoll hits you but does no damage.
Your skin crawls.
You feel strong-willed.
You feel extremely sick.
The gnoll hits you with a +2 spear of venom.
You are more poisoned.
The gnoll hits you but does no damage.
You feel better.
The gnoll hits you with a +2 spear of venom.
You are poisoned.
The gnoll hits you but does no damage.
You struggle against the net.
You feel sick. The gnoll hits you but does no damage.
You are more poisoned.
The gnoll hits you but does no damage.
You struggle against the net.
You feel very sick.
The gnoll hits you with a +2 spear of venom!
You are more poisoned.
The gnoll hits you but does no damage.
You rip the net and break free!
You feel very sick.
The gnoll hits you with a +2 spear of venom.
* * * LOW HITPOINT WARNING * * *
You are lethally poisoned!
The gnoll hits you but does no damage.
* * * LOW HITPOINT WARNING * * *
You feel extremely sick. The gnoll hits you but does no damage.
You are more poisoned.
* * * LOW HITPOINT WARNING * * *
You feel extremely sick.
You die...

#.........g# .#
#.......)#...##
#^.......##....
#####.####..# #
#########)###..#
#.......g.....#
#.........g.###
#...........#####
#......@........#
#......####'####..
####...#.......#
#...#.......#
#.))'...>...+
#.).#.......#
#...#.......#
#.<.#########
#........#


You could see 2 gnolls.

Vanquished Creatures
  4 yaks (D:5)
  A water moccasin (D:6)
  A hornet zombie (D:5)
  A necrophage (D:5)
  An ice beast (D:5)
  A wyvern zombie (Ossuary)
  A scorpion (D:4)
  4 water moccasin zombies
  5 bullfrog zombies (Ossuary)
  2 centaur zombies (Ossuary)
  A jelly (D:5)
  A bullfrog skeleton (D:5)
  A gnoll shaman (D:6)
  An orc priest (D:6)
  2 orc wizards (D:6)
  A scorpion zombie (D:5)
  2 killer bee zombies (Ossuary)
  13 mummies (Ossuary)
  A howler monkey zombie (Ossuary)
  5 adders
  6 gnolls
  An ufetubus (D:6)
  A worm (D:2)
  5 orcs
  7 endoplasms
  5 giant cockroaches
  5 goblins
  8 hobgoblins
  A quokka (D:3)
  6 ball pythons
  4 bats
  3 frilled lizards
  4 kobolds
  8 rats
113 creatures vanquished.

Vanquished Creatures (others)
  A gnoll (D:6)
  22 plants (D:5)
  11 withered plants (Ossuary)
34 creatures vanquished.

Grand Total: 147 creatures vanquished

Notes
Turn   | Place    | Note
-------+----------+-------------------------------------------
     0 | D:1      | dtburroughs the Minotaur Berserker began the quest for the
                  | Orb.
     0 | D:1      | Reached XP level 1. HP: 19/19 MP: 0/0
   680 | D:1      | Reached XP level 2. HP: 23/27 MP: 1/1
  1105 | D:2      | Found a burning altar of Makhleb.
  1174 | D:2      | Reached XP level 3. HP: 6/33 MP: 2/2
  1823 | D:2      | You fall into a shaft and drop 2 floors!
  2099 | D:4      | Reached ** piety under Trog
  2147 | D:4      | Reached XP level 4. HP: 38/40 MP: 3/3
  2229 | D:4      | Found a sacrificial altar of Ru.
  2964 | D:3      | Found a white marble altar of Elyvilon.
  2964 | D:3      | Found an iron altar of Okawaru.
  2964 | D:3      | Found a shimmering blue altar of Sif Muna.
  3573 | D:2      | Reached XP level 5. HP: 37/47 MP: 4/4
  3960 | D:2      | Found a faded altar of an unknown god.
  4352 | D:4      | Reached skill level 5 in Fighting
  4352 | D:4      | Reached skill level 5 in Axes
  4749 | D:4      | Found a radiant altar of Vehumet.
  4749 | D:4      | Found an ornate altar of the Wu Jian Council.
  4753 | D:4      | Found an ancient bone altar of Kikubaaqudgha.
  5277 | D:5      | Entered Level 5 of the Dungeon
  5277 | D:5      | Found a blossoming altar of Fedhas.
  5474 | D:5      | Reached XP level 6. HP: 24/56 MP: 5/5
  5667 | D:5      | Found a sand-covered staircase.
  5674 | Ossuary  | Entered an ossuary
  5747 | Ossuary  | Reached skill level 5 in Armour
  5747 | Ossuary  | Reached XP level 7. HP: 16/62 MP: 6/6
  5987 | Ossuary  | Reached skill level 1 in Evocations
  5992 | Ossuary  | Reached *** piety under Trog
  6185 | Ossuary  | Reached skill level 5 in Dodging
  6681 | Ossuary  | Reached XP level 8. HP: 71/71 MP: 7/7
  7328 | D:5      | HP: 3/109 [yak (11)]
  7793 | D:6      | Reached XP level 9. HP: 53/79 MP: 8/8
  7977 | D:6      | Found a staircase to the Ecumenical Temple.
  8022 | D:6      | HP: 4/80 [poisoned by a gnoll]
  8023 | D:6      | Succumbed to a gnoll's poison

Illustrated notes

Levels and vault maps discovered:
D:1:      enne_arrival_octagon_isle, layout_loops_ring
D:2:      minmay_razor_zed, layout_basic, basic_altar,
          hellmonk_ecumenical_altar_zigzags, chequers_garden,
          hangedman_decor_points
D:3:      layout_basic, chequers_temple_overflow_statue_of_worship
D:4:      layout_layer_cave, grunt_temple_overflow_open, hex_medium
D:5:      layout_basic, fedhas_altar_2, nicolae_ossuary_entry_monument,
          serial_bayou_lagoon_a, grunt_ministairs_6
D:6:      layout_rooms, temple_green, serial_shops, shop, lemuel_flame_loot_1

Skill      XL: |  1  2  3  4  5  6  7  8  9 |
---------------+----------------------------+-----
Fighting       | 4 5 6 7 |  7.7
Axes           | 4 5 6 7 |  7.6
Armour         | 3 4 5 6 7 |  7.1
Dodging        | 3 4 5 6 |  6.4
Evocations     | 2 3 |  3.7

Action                   |  1- 3 |  4- 6 |  7- 9 || total
-------------------------+-------+-------+-------++-------
Melee: Hand axe          |    62 |   137 |   221 ||   420
       Headbutt          |    10 |    24 |    61 ||    95
Invok: Berserk           |       |     2 |     1 ||     3
       Trog's Hand       |       |     2 |     4 ||     6
Evoke: Wand              |       |     3 |       ||     3
  Use: Scroll            |       |       |     5 ||     5
       Potion            |       |       |     1 ||     1
 Stab: Sleeping          |     1 |       |       ||     1
Armor: Animal skin       |    19 |       |       ||    19
       Scale mail        |       |    46 |    36 ||    82
       Ring mail         |       |     8 |       ||     8
       Plate armour      |       |       |    74 ||    74
Dodge: Dodged            |    34 |    79 |    74 ||   187
